[Event "European Womens-ch 2025"]
[Site "Rhodes"]
[Date "2025.04.03"]
[Round "4.59"]
[White "Harutyunyan, Gabriela"]
[Black "Zagorac, Lara"]
[Result "0-1"]
[Annotator "RC"]
[ECO "C78"]
[WhiteElo "1793"]
[BlackElo "2106"]
[PlyCount "120"]
[EventDate "2025.03.29"]
[EventType "swiss"]
[EventCountry "GRE"]
[SourceTitle "playchess.com"]
[Source "ChessBase"]
[SourceQuality "1"]
[TimeControl "40/5400+30:1800+30"]

1. e4 e5 2. Nf3 Nc6 3. Bb5 a6 4. Ba4 Nf6 5. O-O b5 6. Bb3 Bc5 7. d3 d6 8. c3 h6 9. h3 O-O 10. Qe2 Be6 11. Be3 Bxe3 12. Qxe3 d5 13. Nbd2 Qe7 14. Rac1 Rad8 15. d4 dxe4 16. Nxe5 Nxe5 17. dxe5 Nd7 18. Bc2 Bd5 19. Nxe4 Qxe5 20. f4 Qe6 21. Rfe1 Rfe8 22. Qg3 Qb6+ 23. Kh2 Bxe4 24. Bxe4 Qf6 25. Rcd1 Nc5 26. Bc2 Nb7 27. Bb3 Nd6 28. Bc2 Rxe1 29. Rxe1 Nf5 30. Qg4 Nd6 31. Qg3 g6 32. Qf3 a5 33. a4 b4 34. cxb4 Qxb2 35. Bb3 Nf5 36. Re2 Qf6 37. Qf2 axb4 38. a5 Qc3 39. Rb2 Qf6 40. Bc4 c5 41. a6 Nd6 42. Bd5 Nb5 43. Rd2 Kg7 44. g3 Qxa6 45. Qe2 Qb6 46. Qe7 Qf6 47. Qxc5 Nc3 48. Qxb4 Nxd5 49. Qa5 Qd6 50. Qa1+ Kg8 51. Qa5 Rd7 52. Qa8+ Kg7 53. Qa5 Qe6 54. Qb5 Nf6 55. Re2 Qd5 56. Qb8 Qd3 57. Rg2 Re7 58. Qb2 Qe3 59. Qa1 h5 60. Qf1 Qe1 0-1

[Event "European Womens-ch 2025"]
[Site "Rhodes"]
[Date "2025.04.03"]
[Round "4.60"]
[White "Donghvani, Nia"]
[Black "Kalyva, Kyriaki"]
[Result "1-0"]
[Annotator "NA RC"]
[ECO "A11"]
[WhiteElo "2025"]
[BlackElo "1885"]
[PlyCount "43"]
[EventDate "2025.03.29"]
[EventType "swiss"]
[EventCountry "GRE"]
[SourceTitle "playchess.com"]
[Source "ChessBase"]
[SourceQuality "1"]
[TimeControl "40/5400+30:1800+30"]

1. Nf3 Nf6 2. c4 c6 3. e3 d5 4. Nc3 e6 5. b3 Nbd7 6. Qc2 b6 7. Bb2 Bb7 8. Be2 Rc8 9. Rg1 Qc7 10. g4 h6 11. h4 dxc4 12. bxc4 h5 13. gxh5 c5 14. O-O-O Rxh5 15. Ng5 Rxh4 16. f4 a6 17. Bd3 b5 18. Bg6 Ke7 19. Bxf7 b4 20. Ne2 Qa5 21. Bxe6 Rh6 22. Ng3 1-0

[Event "European Womens-ch 2025"]
[Site "Rhodes"]
[Date "2025.04.03"]
[Round "4.61"]
[White "Kiousi, Panagiota"]
[Black "Szente Varga, Fruzsina"]
[Result "1-0"]
[Annotator "NA RC"]
[ECO "E73"]
[WhiteElo "1998"]
[BlackElo "2083"]
[PlyCount "59"]
[EventDate "2025.03.29"]
[EventType "swiss"]
[EventCountry "GRE"]
[SourceTitle "playchess.com"]
[Source "ChessBase"]
[SourceQuality "1"]
[TimeControl "40/5400+30:1800+30"]

1. d4 Nf6 2. c4 g6 3. Nc3 Bg7 4. e4 d6 5. Be2 O-O 6. Be3 e5 7. d5 Na6 8. g4 Nc5 9. f3 a5 10. h4 Nfd7 11. h5 f5 12. hxg6 hxg6 13. exf5 gxf5 14. Qc2 Qf6 15. g5 Qe7 16. O-O-O e4 17. f4 a4 18. Nh3 a3 19. b4 Na6 20. Qb3 c5 21. dxc6 bxc6 22. Rxd6 c5 23. Nb5 Nxb4 24. Bd2 Nc6 25. Rxc6 Bb7 26. Rg6 e3 27. Bc3 Bxh1 28. Rxg7+ Qxg7 29. Bxg7 Kxg7 30. Qd1 1-0

[Event "European Womens-ch 2025"]
[Site "Rhodes"]
[Date "2025.04.03"]
[Round "4.62"]
[White "Bhatia, Kanishka"]
[Black "Silva, Ana Ines Teixeira Da"]
[Result "1-0"]
[Annotator "ChessBase"]
[ECO "D37"]
[WhiteElo "2012"]
[BlackElo "1893"]
[PlyCount "107"]
[EventDate "2025.03.29"]
[EventType "swiss"]
[EventCountry "GRE"]
[SourceTitle "playchess.com"]
[Source "ChessBase"]
[SourceQuality "1"]
[TimeControl "40/5400+30:1800+30"]

1. Nf3 d5 2. d4 Nf6 3. c4 e6 4. Nc3 a6 5. cxd5 exd5 6. Bg5 Be6 7. e3 Bd6 8. Bd3 Nbd7 9. O-O c6 10. a3 Qc7 11. b4 O-O 12. Bh4 h6 13. Bg3 Bxg3 14. hxg3 Rfe8 15. Nd2 Nb6 16. Na4 Bg4 17. Qc2 Nxa4 18. Qxa4 Ne4 19. Qc2 Nd6 20. Rfc1 Qe7 21. a4 Rac8 22. Qb3 b5 23. axb5 axb5 24. Qc3 Nc4 25. Re1 Qg5 26. Nxc4 bxc4 27. Bc2 h5 28. e4 h4 29. gxh4 Qxh4 30. e5 Re6 31. f3 Qg3 32. Qe3 Bh5 33. Bf5 Rce8 34. f4 Qxe3+ 35. Rxe3 R6e7 36. Ra6 Rc7 37. Bc2 Rb8 38. Kh2 Bg4 39. f5 Kf8 40. Kg3 Bh5 41. Kh4 c5 42. bxc5 Rb2 43. Ra8+ Ke7 44. Ba4 f6 45. Kxh5 g6+ 46. fxg6 fxe5 47. Rxe5+ Kf6 48. Rf8+ Kg7 49. Ref5 Rxg2 50. R8f7+ Rxf7 51. Rxf7+ Kg8 52. c6 Rh2+ 53. Kg5 Rg2+ 54. Kf6 1-0

[Event "European Womens-ch 2025"]
[Site "Rhodes"]
[Date "2025.04.03"]
[Round "4.63"]
[White "Alexandri, Dimitra"]
[Black "Valkova, Angelika"]
[Result "1-0"]
[Annotator "NA RC"]
[ECO "B07"]
[WhiteElo "1995"]
[BlackElo "2001"]
[PlyCount "55"]
[EventDate "2025.03.29"]
[EventType "swiss"]
[EventCountry "GRE"]
[SourceTitle "playchess.com"]
[Source "ChessBase"]
[SourceQuality "1"]
[TimeControl "40/5400+30:1800+30"]

1. d4 d6 2. e4 Nf6 3. Nc3 e5 4. dxe5 dxe5 5. Qxd8+ Kxd8 6. Nf3 Bd6 7. Bc4 Ke7 8. Bg5 c6 9. O-O-O Bc7 10. Rd2 Be6 11. Bxe6 Kxe6 12. Rhd1 Nbd7 13. Be3 b5 14. Ng5+ Ke7 15. Nxf7 Rhf8 16. Nd6 g6 17. Nb7 Bb6 18. Bg5 Kf7 19. Rxd7+ Nxd7 20. Rxd7+ Kg8 21. Nd6 Rxf2 22. Bh6 Kh8 23. Nf7+ Kg8 24. Nxe5 Kh8 25. Ng4 Rf1+ 26. Nd1 Rd8 27. Bg7+ Kg8 28. Nh6# 1-0

[Event "European Womens-ch 2025"]
[Site "Rhodes"]
[Date "2025.04.03"]
[Round "4.64"]
[White "Mitraka, Chrysoula-Paraskevi"]
[Black "Tirpan, Ceren"]
[Result "0-1"]
[Annotator "NA RC"]
[ECO "A53"]
[WhiteElo "1820"]
[BlackElo "1996"]
[PlyCount "90"]
[EventDate "2025.03.29"]
[EventType "swiss"]
[EventCountry "GRE"]
[SourceTitle "playchess.com"]
[Source "ChessBase"]
[SourceQuality "1"]
[TimeControl "40/5400+30:1800+30"]

1. d4 Nf6 2. c4 d6 3. Nc3 e5 4. dxe5 dxe5 5. Qxd8+ Kxd8 6. Nf3 Nbd7 7. Bg5 c6 8. O-O-O Kc7 9. a3 b6 10. e3 Bd6 11. Be2 a5 12. Nd2 Nc5 13. Bxf6 gxf6 14. Nce4 Nxe4 15. Nxe4 Be7 16. Rd2 f5 17. Nc3 a4 18. h4 Be6 19. g3 Rhg8 20. Rdd1 f4 21. exf4 exf4 22. Rhg1 fxg3 23. fxg3 Bc5 24. Rg2 Bh3 25. Rh2 Rxg3 26. Ne4 Be3+ 27. Kc2 Bf5 28. Bd3 Rg4 29. Nc3 Be6 30. Re1 Bd4 31. Re4 h5 32. Be2 Bf5 33. Bxg4 hxg4 34. Kc1 Bxe4 35. Nxe4 f5 36. Nd2 Rh8 37. Nf1 f4 38. Re2 g3 39. Re4 g2 40. Rxd4 gxf1=Q+ 41. Kc2 Rxh4 42. c5 Rh2+ 43. Kc3 Qc1+ 44. Kb4 Qxc5+ 45. Kxa4 Qb5# 0-1

[Event "European Womens-ch 2025"]
[Site "Rhodes"]
[Date "2025.04.03"]
[Round "4.65"]
[White "Kaka, Rengina Tsampika"]
[Black "Bania, Eleni"]
[Result "0-1"]
[Annotator "NA COMBH"]
[ECO "A48"]
[WhiteElo "1509"]
[BlackElo "1809"]
[PlyCount "98"]
[EventDate "2025.03.29"]
[EventType "swiss"]
[EventCountry "GRE"]
[SourceTitle "playchess.com"]
[Source "ChessBase"]
[SourceQuality "1"]
[TimeControl "40/5400+30:1800+30"]

1. d4 Nf6 2. Bf4 g6 3. e3 Bg7 4. Nf3 d6 5. Bd3 O-O 6. O-O Nbd7 7. Nbd2 Qe8 8. Bg3 e5 9. e4 Nh5 10. d5 Nxg3 11. hxg3 Qe7 12. Nh4 h5 13. Ndf3 Bh6 14. a3 a5 15. Qe2 Nb6 16. b4 Re8 17. c4 Kf8 18. Rfe1 axb4 19. axb4 Rxa1 20. Rxa1 g5 21. Nf5 Bxf5 22. c5 dxc5 23. bxc5 Nxd5 24. exd5 Bxd3 25. Qxd3 e4 26. d6 cxd6 27. cxd6 Qd7 28. Ne5 Rxe5 29. Qd4 f6 30. Ra8+ Kg7 31. Qc4 Re6 32. Rb8 Kg6 33. Rxb7 Qxd6 34. Kh2 h4 35. Qc8 hxg3+ 36. fxg3 Bg7 37. Rd7 Qc6 38. Rc7 Qe8 39. Qb7 Qh8+ 40. Kg1 f5 41. Qd5 Bd4+ 42. Kf1 Qh1+ 43. Ke2 Qxg2+ 44. Kd1 Qf1+ 45. Kc2 Qd3+ 46. Kc1 Be3+ 47. Kb2 Rb6+ 48. Ka2 Qa6+ 49. Qa5 Qxa5# 0-1

[Event "European Womens-ch 2025"]
[Site "Rhodes"]
[Date "2025.04.03"]
[Round "4.66"]
[White "Recica, Jona"]
[Black "Lamprianou, Marianna"]
[Result "1-0"]
[Annotator "NA COMBH"]
[ECO "C44"]
[WhiteElo "1716"]
[BlackElo "1498"]
[PlyCount "65"]
[EventDate "2025.03.29"]
[EventType "swiss"]
[EventCountry "GRE"]
[SourceTitle "playchess.com"]
[Source "ChessBase"]
[SourceQuality "1"]
[TimeControl "40/5400+30:1800+30"]

1. e4 e5 2. Nf3 Nc6 3. d4 exd4 4. Bc4 Bb4+ 5. c3 dxc3 6. bxc3 Ba5 7. O-O Nge7 8. Ng5 Ne5 9. Nxf7 Nxf7 10. Bxf7+ Kxf7 11. Qh5+ g6 12. Qxa5 b6 13. Qb5 c6 14. Qd3 a5 15. Rd1 h5 16. Bg5 Qe8 17. Qf3+ Kg8 18. Rd6 Rh7 19. Nd2 Rf7 20. Qg3 Kh7 21. Nf3 Ng8 22. Be3 Rf6 23. Ng5+ Kh6 24. Rad1 Rxd6 25. Rxd6 Ne7 26. Nf3+ Kh7 27. Qf4 Kg8 28. Ne5 Qf8 29. Qg5 Qe8 30. Nxg6 Nxg6 31. Rxg6+ Kf8 32. Qh6+ Ke7 33. Bg5+ 1-0

[Event "European Womens-ch 2025"]
[Site "Rhodes"]
[Date "2025.04.03"]
[Round "4.67"]
[White "Saraci, Ndriqona"]
[Black "Revelioti, Eleni Nefeli"]
[Result "1-0"]
[Annotator "NA COMBH"]
[ECO "B52"]
[WhiteElo "1692"]
[BlackElo "1470"]
[PlyCount "79"]
[EventDate "2025.03.29"]
[EventType "swiss"]
[EventCountry "GRE"]
[SourceTitle "playchess.com"]
[Source "ChessBase"]
[SourceQuality "1"]
[TimeControl "40/5400+30:1800+30"]

1. e4 c5 2. Nf3 d6 3. Bb5+ Bd7 4. Bxd7+ Qxd7 5. O-O Nf6 6. Re1 Nc6 7. c3 g6 8. d4 cxd4 9. cxd4 e6 10. Bg5 Bg7 11. Qd2 O-O 12. Bh6 Rfe8 13. Bxg7 Kxg7 14. Nc3 a6 15. Na4 Qd8 16. Qf4 Nh5 17. Qe3 Nf6 18. Rac1 Ng4 19. Qb3 Na5 20. Qb4 Nf6 21. Nb6 Nc6 22. Rxc6 bxc6 23. Nxa8 Qxa8 24. Qxd6 Rd8 25. Qc5 Nd7 26. Qe7 Nb6 27. Ne5 Rf8 28. Qc7 Nc8 29. Nxc6 Re8 30. Qe5+ Kg8 31. Qc7 Kg7 32. h3 Kg8 33. Re3 a5 34. Rf3 Rf8 35. d5 exd5 36. exd5 Qa6 37. d6 Nb6 38. d7 Nd5 39. Qd6 Nb4 40. d8=Q 1-0